 Dungeon Crawl Stone Soup version 0.24.0-123-gd5b16e6ec5 (webtiles) character file.

Game seed: 18396356920748071312, levelgen mode: deterministic

4 glosham the Skirmisher (level 1, 0/18 HPs)
             Began as a Mummy Abyssal Knight on Dec 31, 2019.
             Was a Follower of Lugonu.
             Slain by a hobgoblin (3 damage)
             ... on level 1 of the Dungeon.
             The game lasted 00:03:41 (104 turns).

glosham the Skirmisher (Mummy Abyssal Knight)        Turns: 104, Time: 00:03:42

Health: 0/18       AC: 10    Str: 15    XL:     1   Next: 50%
Magic:  2/2        EV:  4    Int: 11    God:    Lugonu [*.....]
Gold:   33         SH:  0    Dex: 11    Spells: 0/0 levels left

rFire    x . .     SeeInvis .   b - -3 quick blade (curse)
rCold    + . .     Gourm    .   (no shield)
rNeg     + + +     Faith    .   c - +0 plate armour
rPois    ∞         Spirit   .   (no helmet)
rElec    .         Reflect  .   (no cloak)
rCorr    .         Harm     .   (no gloves)
MR       .....                  (no boots)
Stlth    ..........             (no amulet)
HPRegen  0.06/turn              (no ring)
MPRegen  0.08/turn              (no ring)

@: no status effects
A: no food or potions, fire vulnerability, cold resistance 1, negative energy
resistance 3, torment resistance, unbreathing
a: Depart the Abyss, Renounce Religion


You were on level 1 of the Dungeon.
You worshipped Lugonu.
Lugonu was aware of your devotion.
You were not hungry.

You visited 1 branch of the dungeon, and saw 1 of its levels.
You visited the Abyss 1 time.

You collected 33 gold pieces.

Inventory:

Hand Weapons
 a - a +1 hand axe
 b - a cursed -3 quick blade (weapon)
 d - a +0 dagger
Armour
 c - a +0 plate armour (worn)
 e - a +0 leather armour
Jewellery
 C - an uncursed ring of ice


   Skills:
 - Level 3.0 Fighting
 + Level 0.8 Short Blades
 - Level 1.5 Axes
 - Level 1.5 Armour
 - Level 0.7 Dodging
 - Level 1.5 Invocations


You couldn't memorise any spells.
You didn't know any spells.
Your spell library was empty.

Dungeon Overview and Level Annotations

Branches:
Dungeon (1/15)

Altars:


Innate Abilities, Weirdness & Mutations

You do not eat or drink.
Your flesh is vulnerable to fire.
You are immune to poison.
Your flesh is cold resistant. (rC+)
You are immune to negative energy. (rN+++)
You are immune to unholy pain and torment.
You can survive without breathing.


Message History

You miss the leopard gecko. The leopard gecko barely misses you.
You closely miss the leopard gecko.
The leopard gecko bites you but does no damage.
Your plate armour prevents you from hitting the leopard gecko.
The leopard gecko bites you but does no damage.
You hit the leopard gecko but do no damage.
You hit the leopard gecko.
The leopard gecko is moderately wounded.
The leopard gecko bites you.
* * * LOW HITPOINT WARNING * * *
You miss the leopard gecko.
The leopard gecko is moderately wounded.
The leopard gecko bites you.
* * * LOW HITPOINT WARNING * * *
You hit the leopard gecko.
The leopard gecko is heavily wounded.
The leopard gecko bites you but does no damage.
You hit the leopard gecko.
The leopard gecko is severely wounded.
The leopard gecko bites you but does no damage.
You hit the leopard gecko but do no damage.
The leopard gecko is severely wounded.
The leopard gecko bites you but does no damage.
You hit the leopard gecko.
You kill the leopard gecko!
Lugonu accepts your kill.
You can now depart the Abyss.
You open the door.
A hobgoblin comes into view.
The hobgoblin shouts!
Your plate armour prevents you from hitting the hobgoblin.
The hobgoblin barely misses you.
You hit the hobgoblin but do no damage. The hobgoblin barely misses you.
You closely miss the hobgoblin.
Your plate armour prevents you from hitting the hobgoblin.
The hobgoblin hits you but does no damage.
Your plate armour prevents you from hitting the hobgoblin.
You hit the hobgoblin but do no damage.
The hobgoblin hits you but does no damage.
You completely miss the hobgoblin. The hobgoblin hits you.
You die...

#.<..'.##.# #
#.#..#.##.#.#
#....#.##.#.# #
######.##...#.#.#
..........†##.....
##.#######........
.#+#..#....##.#..#
......g..........
#@..!.#.#..
#.....# # #.....#
#....## .......
.#######. .


You could see a hobgoblin.

Vanquished Creatures
  A leopard gecko (D:1)
  A goblin (D:1)
  A bat (D:1)
3 creatures vanquished.

Notes
Turn   | Place    | Note
-------+----------+-------------------------------------------
     0 | Abyss:1  | glosham the Mummy Abyssal Knight began the quest for the
                  | Orb.
     0 | Abyss:1  | Reached XP level 1. HP: 18/18 MP: 2/2
     2 | Abyss:1  | Found a corrupted altar of Lugonu.
    31 | Abyss:2  | Noticed a wizard
    38 | Abyss:2  | Noticed a thrashing horror
    39 | Abyss:2  | Found a runed translucent door.
    39 | Abyss:2  | Noticed a tormentor
    43 | Abyss:2  | Noticed a neqoxec
    44 | D:1      | Escaped the Abyss
    94 | D:1      | Reached * piety under Lugonu
   104 | D:1      | Slain by a hobgoblin

Levels and vault maps discovered:
D:1:      dpeg_arrival_renting, layout_basic

Action                   || total
-------------------------++-------
Melee: Quick blade       ||    31
Invok: Depart the Abyss  ||     1
Armor: Plate armour      ||    12
Dodge: Dodged            ||     9

Table legend:
 A = Turns spent in this place as a percentage of turns spent in the entire game.
 B = Non-inter-level travel turns spent in this place as a percentage of non-inter-level travel turns spent in the entire game.
 C = Inter-level travel turns spent in this place as a percentage of turns spent in this place.
 D = Turns resting spent in this place as a percentage of non-inter-level travel turns spent in this place.
 E = Turns spent auto-exploring this place as a percentage of non-inter-level travel turns spent in this place.
 F = Non-inter-level travel turns spent in this place divided by the number of levels of this place that you've seen.
                   A       B       C       D       E      F
               +-------+-------+-------+-------+-------+----------------------
         Total | 100.0 | 100.0 |   0.0 |   0.0 |   0.0 |  34.7
       Dungeon |  57.7 |  57.7 |   0.0 |   0.0 |   0.0 |  60.0
         Abyss |  42.3 |  42.3 |   0.0 |   0.0 |   0.0 |  22.0
               +-------+-------+-------+-------+-------+----------------------

Table legend:
 A = Kills in this place as a percentage of kills in entire the game.
 B = Kills by you in this place as a percentage of kills by you in the entire game.
 C = Kills by friends in this place as a percentage of kills by friends in the entire game.
 D = Other kills in this place as a percentage of other kills in the entire game.
 E = Experience gained in this place as a percentage of experience gained in the entire game.
 F = Experience gained in this place divided by the number of levels of this place that you have seen.
                   A       B       C       D       E      F
               +-------+-------+-------+-------+-------+----------------------
         Total | 100.0 | 100.0 |   N/A |   N/A | 100.0 |   2.0
       Dungeon | 100.0 | 100.0 |   N/A |   N/A | 100.0 |   6.0
               +-------+-------+-------+-------+-------+----------------------

Levels and vault maps discovered:
D:1:      dpeg_arrival_renting, layout_basic
